 Dungeon Sprint DCSS version 0.28-a0-1412-gf95308ed99 (webtiles) character file.

Game seed: 6184290597048588217

304 brmiller01 the Cleaver (level 6, -10/44 HPs)
             Began as a Gargoyle Berserker on Jan 6, 2022.
             Was a Believer of Trog.
             Killed from afar by Sonja (14 damage)
             ... with an iceblast
             ... in the Dungeon (Sprint I: "Red Sonja").
             The game lasted 00:01:30 (813 turns).

brmiller01 the Cleaver (Gargoyle Berserker)          Turns: 813, Time: 00:01:31

Health: -10/44     AC:  7    Str: 22    XL:     6   Next: 38%
Magic:  6/6        EV: 11    Int:  8    God:    Trog [**....]
Gold:   116        SH:  0    Dex:  9    Spells: 5/5 levels left

rFire   . . .      SeeInvis .   a - +0 hand axe
rCold   . . .      Faith    .   (no shield)
rNeg    + . .      Spirit   .   b - +0 animal skin
rPois   ∞          Reflect  .   (no helmet)
rElec   +          Harm     .   (no cloak)
rCorr   .          Rampage  .   (no gloves)
Will    .....      NoTele   +   (no boots)
Stlth   +.........              (no amulet)
HPRegen 0.14/turn               (no ring)
MPRegen 0.10/turn               (no ring)

@: on berserk cooldown, slowed, very slow
A: sickness immunity, AC +4, negative energy resistance 1, electricity
resistance, torment resistance 1, petrification resistance
a: Renounce Religion, Berserk, Trog's Hand


You were in the Dungeon.
You worshipped Trog.
Trog was pleased with you.
You visited 1 branch You collected 116 gold pieces.

Inventory:

Hand Weapons
 a - a +0 hand axe (weapon)
Armour
 b - a +0 animal skin (worn)
Jewellery
 j - an amulet of magic regeneration
 k - a ring of fire
Wands
 i - a wand of flame (23)
Scrolls
 h - a scroll of blinking
Potions
 c - a potion of curing
 d - a potion of heal wounds
 e - a potion of haste
 f - 2 potions of magic
 g - a potion of berserk rage


   Skills:
 + Level 7.8 Fighting
 * Level 8.9 Axes
 + Level 7.4 Armour
 - Level 1.5 Dodging


You had 5 spell levels left.
You didn't know any spells.
Your spell library was empty.

Dungeon Overview and Level Annotations

Branches:
Dungeon (1/1)

Altars:
Sif Muna
Vehumet
Wu Jian

Annotations:
D Sonja


Innate Abilities, Weirdness & Mutations

You are immune to sickness and miasma.
Your stone body is resilient. (AC +4)
You are immune to poison.
You resist negative energy. (rN+)
You are resistant to electric shocks. (rElec)
You are resistant to unholy torment.
You are immune to petrification.


Message History

You completely miss Sonja.
Sonja hits you with a +2 dagger of venom!
Sonja barely misses you.
Sonja hits you with a +2 dagger of venom.
You are too injured to fight recklessly!
You are too injured to fight recklessly!
You are too injured to fight recklessly!
You closely miss Sonja. You barely miss Sonja.
Sonja hits you but does no damage. x2
Sonja hits you with a +2 dagger of venom.
* * * LOW HITPOINT WARNING * * *
You completely miss Sonja. Sonja closely misses you.
Sonja hits you but does no damage.
Sonja hits you with a +2 dagger of venom.
* * * LOW HITPOINT WARNING * * *
You completely miss Sonja.
Sonja hits you with a +2 dagger of venom.
* * * LOW HITPOINT WARNING * * *
Sonja hits you but does no damage. x2
You completely miss Sonja.
Sonja hits you with a +2 dagger of venom.
* * * LOW HITPOINT WARNING * * *
Sonja barely misses you.
Sonja hits you with a +2 dagger of venom.
* * * LOW HITPOINT WARNING * * *
You barely miss Sonja. You miss Sonja. Sonja barely misses you.
Sonja hits you but does no damage. Sonja closely misses you.
You closely miss Sonja.
Sonja shouts, "Too slow!"
Sonja hits you but does no damage. Sonja closely misses you. Sonja misses you.
You slash Sonja!
Sonja is moderately wounded.
Sonja mumbles some strange words.
Sonja blinks!
You are no longer berserk.
You are exhausted.
You feel yourself slow down.
Sonja zaps a wand.
The mass of ice explodes!
The iceblast engulfs you!
You die...

################
#<.#..').#..'..#
#...).#..').#..+
#..#####+#####'#
#..# #.# ##$§
#..# ##§#≈§§§c#
#..# #+#_.+≈≈§.§
#⌠⌠#
+...@#≈≈§§c#
#### #_.#'#
+#### ##+#K#
#.### $.$ $§$
##.## #+#


You could see Sonja.

Vanquished Creatures
  Sigmund (D)
  An ogre (D)
  A jelly (D)
  Ijyb (D)
4 creatures vanquished.

Notes
Turn   | Place    | Note
-------+----------+-------------------------------------------
     0 | D        | brmiller01 the Gargoyle Berserker began the quest for the
                  | Orb.
     0 | D        | Reached XP level 1. HP: 14/14 MP: 1/1
     2 | D        | Noticed Ijyb
     8 | D        | Killed Ijyb
     9 | D        | Reached skill level 4 in Axes
     9 | D        | Reached XP level 2. HP: 15/20 MP: 2/2
     9 | D        | Reached XP level 3. HP: 18/24 MP: 3/3
   146 | D        | Noticed an ogre
   152 | D        | Killed an ogre
   153 | D        | Reached skill level 6 in Axes
   153 | D        | Reached skill level 5 in Armour
   153 | D        | Reached XP level 4. HP: 21/32 MP: 4/4
   320 | D        | Noticed Sigmund
   326 | D        | Killed Sigmund
   326 | D        | Reached ** piety under Trog
   327 | D        | Reached skill level 8 in Axes
   327 | D        | Reached XP level 5. HP: 38/38 MP: 5/5
   327 | D        | Reached XP level 6. HP: 44/44 MP: 6/6
   349 | D        | Found an ornate altar of the Wu Jian Council.
   349 | D        | Found a shimmering blue altar of Sif Muna.
   351 | D        | Found a radiant altar of Vehumet.
   779 | D        | Noticed a centaur warrior
   782 | D        | Noticed a centaur warrior
   795 | D        | Noticed Sonja
   813 | D        | Killed from afar by Sonja

Illustrated notes

Levels and vault maps discovered:
D:        dungeon_sprint_1 [red_sonja_temple_1, red_sonja_temple_small_1]

Skill      XL: |  1  2  3  4 |
---------------+-------------+-----
Fighting       | 4 6 7 |  7.8
Axes           | 4 6 8 |  8.9
Armour         | 3 5 7 |  7.4
Dodging        | |  1.5

Action                   |  1- 3 |  4- 6 || total
-------------------------+-------+-------++-------
Melee: Hand axe          |     8 |    25 ||    33
Invok: Berserk           |     2 |     3 ||     5
Armor: Animal skin       |     1 |    12 ||    13
Dodge: Dodged            |     2 |    19 ||    21

Table legend: (Time is in decaauts)
 A = Elapsed time spent in this place.
 B = Non-inter-level travel time spent in this place.
 C = Inter-level travel time spent in this place.
 D = Time resting spent in this place.
 E = Time spent auto-exploring this place.
 F = Levels seen in this place.
 G = Mean time per level.
                   A        B        C        D        E       F      G
               +--------+--------+--------+--------+--------+-----+--------+
         Total |    843 |    843 |      0 |    722 |     32 |   1 |  843.0 |
       Dungeon |    843 |    843 |      0 |    722 |     32 |   1 |  843.0 |
               +--------+--------+--------+--------+--------+-----+--------+

Top non-repeatable levels by time:
       D: 843 daAuts
